 Dungeon Crawl Stone Soup version 0.31-a0-986-g5e6e4ef867 (webtiles) character file.

Game seed: 6153453056088340995

109 IdlyInterested the Trooper (level 4, -1/38 HPs)
             Began as a Demonspawn Gladiator on Nov 14, 2023.
             Slain by Grinder (3 damage)
             ... on level 3 of the Dungeon.
             The game lasted 00:03:41 (1832 turns).

IdlyInterested the Trooper (Demonspawn Gladiator)   Turns: 1832, Time: 00:03:42

Health: -1/38      AC: 14    Str: 14    XL:     4   Next: 60%
Magic:  0/4        EV:  7    Int: 11    God:
Gold:   83         SH:  4    Dex: 15    Spells: 3/3 levels left

rFire   + . .        a - +0 long sword
rCold   . . .        (no shield)
rNeg    . . .        v - +2 chain mail {rF+}
rPois   .            c - +0 helmet
rElec   .            (no cloak)
rCorr   .            (no gloves)
SInv    .            (no boots)
Will    .....        b - amulet of guardian spirit Stlth
                     (no ring)
HPRegen 0.26/turn    (no ring)
MPRegen 0.09/turn

%: guardian spirit
@: no status effects
A: icy blue scales 2, condensation shield
a: no special abilities


You were on level 3 of the Dungeon.
You visited 1 branch of the dungeon, and saw 3 of its levels.

You collected 83 gold pieces.

Inventory:

Hand Weapons
 a - a +0 long sword (weapon)
 f - a +0 spear
 i - a +0 short sword
 k - a +0 falchion
 o - a +0 hand axe
Missiles
 d - 2 throwing nets
 e - a javelin
 j - 13 stones (quivered)
Armour
 c - a +0 helmet (worn)
 v - a +2 chain mail of fire resistance (worn)
Jewellery
 b - an amulet of guardian spirit (around neck)
Scrolls
 g - 2 scrolls of identify {unknown}
 h - a scroll of enchant armour {unknown}
 m - a scroll of teleportation {unknown}
 n - a scroll of fear {unknown}
 r - a scroll of fog {unknown}
 t - a scroll of immolation {unknown}
 u - 2 scrolls of revelation {unknown}
Potions
 l - a potion of brilliance {unknown}
 p - 3 potions of haste {unknown}
 q - a potion of lignification {unknown}
 s - a potion of cancellation {unknown}


   Skills:
 + Level 4.5 Fighting
 - Level 2.6 Long Blades
 - Level 1.7 Throwing
 - Level 1.0 Armour
 - Level 2.6 Dodging
 - Level 1.0 Evocations


You had 3 spell levels left.
You didn't know any spells.
Your spell library was empty.

Dungeon Overview and Level Annotations

Branches:
Dungeon (3/15)

Altars:
Qazlal

Annotations:
D:3 Grinder


Innate Abilities, Weirdness & Mutations

You are mostly covered in icy blue scales. (AC +3)
A meltable shield of frost defends you. (SH +4)


Message History

Grinder gestures at you. Pain shoots through your body!
You closely miss Grinder.
Grinder is lightly wounded.
The rat bites you but does no damage. Grinder gestures at you.
You resist with significant effort.
You slash Grinder!
Grinder is moderately wounded.
You block the rat's attack. Grinder closely misses you.
The rat bites you but does no damage. Grinder gestures at you.
You suddenly lose the ability to move!
The rat bites you but does no damage. Grinder gestures at you.
You resist with significant effort. The rat barely misses you.
Grinder hits you.
You writhe in agony.
You can move again.
You closely miss Grinder.
Grinder is moderately wounded.
The rat barely misses you. Grinder hits you.
* * * LOW HITPOINT WARNING * * *
You writhe in agony.
* * * LOW HITPOINT WARNING * * *
You slash Grinder!
Grinder is heavily wounded.
The rat bites you but does no damage. Grinder hits you.
* * * LOW HITPOINT WARNING * * *
You writhe in agony.
* * * LOW HITPOINT WARNING * * *
You barely miss Grinder.
Grinder is heavily wounded.
You block the rat's attack. Grinder barely misses you.
The rat barely misses you.
You hit Grinder.
Grinder is severely wounded.
Grinder hits you but does no damage. The rat bites you but does no damage.
Grinder hits you.
You die...
Grinder says, "Now the real fun starts!"

... ....
.... ....!
...########
........#
##.5....#
#..@...##
#..r....#
#.<.....#
#.......#
#.....#....
......#....
##.....#
..# #.....#
.. #.....#


You could see Grinder and a rat.

Vanquished Creatures
  Terence (D:2)
  3 adders (D:2)
  2 worms
  A dart slug (D:2)
  6 ball pythons
  2 bats (D:1)
  4 endoplasms
  A giant cockroach (D:1)
  7 goblins
  5 hobgoblins
  2 jackals (D:2)
  A quokka (D:2)
  A frilled lizard (D:1)
  8 kobolds
  3 rats
47 creatures vanquished.

Notes
Turn   | Place    | Note
-------+----------+-------------------------------------------
     0 | D:1      | IdlyInterested the Demonspawn Gladiator began the quest for
                  | the Orb.
     0 | D:1      | Reached XP level 1. HP: 16/16 MP: 1/1
   152 | D:1      | Reached skill level 1 in Armour
   159 | D:1      | Gained mutation: A meltable shield of frost defends you.
                  | (SH +4) [demonic ancestry]
   159 | D:1      | Reached XP level 2. HP: 22/23 MP: 2/2
   359 | D:1      | Reached skill level 3 in Fighting
   401 | D:1      | Gained mutation: You are partially covered in icy blue
                  | scales. (AC +2) [demonic ancestry]
   401 | D:1      | Reached XP level 3. HP: 29/29 MP: 3/3
   835 | D:2      | Found a stormy altar of Qazlal.
  1039 | D:2      | Reached skill level 1 in Evocations
  1100 | D:2      | Noticed Terence
  1127 | D:2      | Killed Terence
  1128 | D:2      | Reached skill level 4 in Fighting
  1128 | D:2      | Gained mutation: You are mostly covered in icy blue scales.
                  | (AC +3) [demonic ancestry]
  1128 | D:2      | Reached XP level 4. HP: 5/37 MP: 4/4
  1529 | D:2      | Found a faded altar of an unknown god.
  1807 | D:3      | Noticed Grinder
  1810 | D:3      | Paralysed by Grinder for 4 turns
  1817 | D:3      | Paralysed by Grinder for 4 turns
  1826 | D:3      | Paralysed by Grinder for 3 turns
  1830 | D:3      | HP: 1/38 [Grinder (2)]
  1832 | D:3      | Slain by Grinder

Illustrated notes

Levels and vault maps discovered:
D:1:      sevenhm_arrival_forest_fort_large_2, layout_rooms,
          grunt_decor_mini_mirrors, nicolae_wormholes
D:2:      layout_loops_ring, basic_ecumenical_altar, basic_altar, serial_bayou,
          serial_bayou_lagoon_a, serial_bayou_shore_a, serial_bayou_pond_a,
          serial_bayou_pond_e, minmay_misc_feat_rows, uniq_terence
D:3:      layout_rooms, hangedman_ru_absence, minmay_misc_feat_enclosed,
          uniq_natasha, uniq_grinder

Skill      XL: |  1  2  3 |
---------------+----------+-----
Armour         | 1 |  1.0
Fighting       | 3 4 |  4.5
Evocations     | 1 |  1.0
Long Blades    | |  2.6
Throwing       | |  1.7
Dodging        | |  2.6

Action                     |  1- 3 |  4- 6 || total
---------------------------+-------+-------++-------
  Melee: Long sword        |   119 |    65 ||   184
         Punch             |       |     1 ||     1
  Throw: Throwing net      |     1 |       ||     1
 Armour: Leather armour    |    15 |       ||    15
         Ring mail         |    61 |       ||    61
         Chain mail        |       |    57 ||    57
  Dodge: Dodged            |    73 |    32 ||   105
  Block: Other             |    19 |    14 ||    33

Table legend: (Time is in decaauts)
 A = Elapsed time spent in this place.
 B = Non-inter-level travel time spent in this place.
 C = Inter-level travel time spent in this place.
 D = Time resting spent in this place.
 E = Time spent auto-exploring this place.
 F = Levels seen in this place.
 G = Mean time per level.
                   A        B        C        D        E       F      G
               +--------+--------+--------+--------+--------+-----+--------+
         Total |   1914 |   1800 |    114 |    313 |   1001 |   3 |  638.0 |
       Dungeon |   1914 |   1800 |    114 |    313 |   1001 |   3 |  638.0 |
               +--------+--------+--------+--------+--------+-----+--------+

Top non-repeatable levels by time:
     D:2: 1071 daAuts
     D:1: 813 daAuts
     D:3: 28 daAuts
